← All builds
Geo sea / Legion / Economy first / OBSERVED BUILD

Standard geo sea

Baseline cove-side sea play: bot lab then shipyard in the cove around 3:06, first Syracusia by 5:04, geothermal on time around 7:42 and an Advanced Metal Extractor to build up eco, transitioning into more Syracusia and Argonaut over the…

Usually shipyard in the cove (95%) · geo on time (89%)

#naval #eco · 19 distinct matches · 9 players · 41% of Legion Geo sea games · team won 47% of 19 · Recently observed

HOW TO PLAY IT

Key timing: First Syracusia by 5:18

  1. Take 3 mex and open into wind while starting the bot lab.
  2. Rush the bot lab finish for early defense on the coast.
  3. Get the shipyard up to start frigate production.
  4. Push the first Syracusia frigate out for sea control.
  5. Layer geothermal and advanced mex, then keep feeding the Syracusia navy.

Phase by phase

TYPICAL OF ITS 19 GAMES · AGAINST STANDARD GEO SEA
  1. 1
  2. 2
  3. 3
  4. 4
PLAY THE OPENING

Follow the example game's first 6:00 step by step: what to build now, what comes next, and where it goes. At 1× it keeps pace with your own game.

  1. 1

    Up to the Legion Bot Lab

    Economy
    • Metal Extractor3Mex
    Order
    1. Legion Bot LabLegion Bot Lab after 3 mexdone ~1:07, middle half 1:01–1:14

    Some games also: solar (47%) · wind (47%)

    The standard build makes here, this one skips: 3 wind

    By 0:50 in all: 3 mex

    The example game in this phase · 6 steps
    1. Mex ×3
    2. Wind ×2
    3. Wind ×2for Air
    4. Wind
    5. Energy storage
    6. Legion Bot LabLegion Bot Labdone 1:51 · typical 1:07
  2. 2

    Legion Bot Lab to Shipyard

    Economy
    • Metal Extractor1Mex
    Order
    1. ShipyardShipyard after 4 mex, 3 wind, 1 solardone ~3:06, middle half 2:36–3:41
    Builders
    • Zagreus3 Zagreus
    • Legion Construction Bot3 Legion Construction Bot

    Some games also: wind (47%) · con turret (37%) · Goblin (32%) · wind for allies (32%)

    The standard build makes here, this one skips: 3 wind

    By 2:38 in all: 4 mex · 3 wind (standard 5) · 1 solar

    The example game in this phase · 13 steps
    1. ZagreusZagreus ×2
    2. Mex
    3. GoblinGoblin
    4. Legion Construction BotLegion Construction Bot ×2
    5. Mex
    6. Legion Construction BotLegion Construction Bot
    7. Mex
    8. GoblinGoblin ×3
    9. PharosPharos
    10. GoblinGoblin
    11. Radar TowerRadar Tower
    12. Legion Construction BotLegion Construction Bot
    13. ShipyardShipyarddone 4:16 · typical 3:06
  3. 3

    Shipyard to 5:00

    Economy
    • Metal Extractor4Mex
    • Wind Turbine2Wind
    Builders
    • Construction Ship1 Con ship
    Army
    • Pharos1 Pharos
    • Argonaut2 Argonaut
    • Syracusia1 Syracusia

    Some games also: con turret (47%) · converter (47%) · Legion Drone (42%) · Radar Tower (42%) · Hippocampus (37%)

    The standard build makes here, this one skips: 2 converter · 2 Radar Tower

    By 5:00 in all: 8 mex · 4 wind (standard 9) · 1 solar · 1 energy storage · 1 con turret

    The example game in this phase · 9 steps
    1. GoblinGoblin ×3
    2. PharosPharos
    3. Construction ShipCon ship
    4. GoblinGoblin
    5. HippocampusHippocampus
    6. Radar TowerRadar Tower
    7. HippocampusHippocampus ×2
    8. Geothermal PowerplantGeodone 6:09 · typical 7:42
    9. HippocampusHippocampus
  4. 4

    5:00 to 10:00

    Economy
    • Metal Extractor1Mex−2 vs standard
    • Wind Turbine14Wind
    • Energy Converter3Converter+3 vs standard
    • Energy Storage1Energy storage
    Order
    1. Geothermal PowerplantGeo after 9 mex, 9 wind, 3 converter
    Builders
    • Construction Turret2 Con turret
    • Dionysus1 Dionysus
    Army
    • Pharos1 Pharos −3 vs standard
    • Legion Drone10 Legion Drone

    Some games also: con ship (42%) · Hippocampus (32%)

    The standard build makes here, this one skips: 2 Bramble

    By 10:00 in all: 9 mex · 18 wind · 1 solar · 1 geo · 5 converter · 1 energy storage

    The example game in this phase · 119 steps
    1. PharosPharos
    2. HippocampusHippocampus
    3. Construction ShipCon ship
    4. Mex ×2
    5. Construction ShipCon ship
    6. Con turret
    7. EuryaleEuryale
    8. HippocampusHippocampus
    9. Converter
    10. SyracusiaSyracusiadone 6:49 · typical 5:04
    11. Converter
    12. Mex
    13. Converter
    14. Legion DroneLegion Drone
    15. KeteaSubmarine
    16. Mex
    17. Converter
    18. IapetusIapetus
    19. Legion DroneLegion Drone
    20. SentrySentry
    21. Radar TowerRadar Tower
    22. OcteresOcteresfor Suicide frontdone 8:06
    23. Converter
    24. Mex
    25. Advanced Metal ExtractorT2 mexdone 8:34 · typical 9:11
    26. SentrySentry
    27. Naval Radar / Sonar TowerNaval Radar / Sonar Tower
    28. ArgonautArgonaut
    29. SyracusiaSyracusia
    30. HippocampusHippocampus ×2
    31. Wind
    32. HippocampusHippocampus ×2
    33. Advanced Metal ExtractorT2 mex
    34. HippocampusHippocampus
    35. Legion DroneLegion Drone
    36. HippocampusHippocampus
    37. Naval Radar / Sonar TowerNaval Radar / Sonar Tower
    38. HippocampusHippocampus
    39. Con turret
    40. Wind
    41. SyracusiaSyracusia
    42. Legion DroneLegion Drone
    43. Wind
    44. Legion DroneLegion Drone
    45. Advanced Metal ExtractorT2 mex
    46. IapetusIapetus
    47. Wind
    48. Legion DroneLegion Drone
    49. SyracusiaSyracusia
    50. Naval Radar / Sonar TowerNaval Radar / Sonar Tower
    51. Legion DroneLegion Drone
    52. HippocampusHippocampus
    53. Wind
    54. HippocampusHippocampus
    55. Legion DroneLegion Drone
    56. HippocampusHippocampus ×3
    57. Legion DroneLegion Drone ×2
    58. Wind
    59. ArgonautArgonaut
    60. Advanced Metal ExtractorT2 mex
    61. ArgonautArgonaut
    62. Wind
    63. ArgonautArgonaut
    64. DionysusDionysus ×2
    65. Wind
    66. IapetusIapetus
    67. Legion DroneLegion Drone
    68. Naval Radar / Sonar TowerNaval Radar / Sonar Tower
    69. Tidal
    70. Legion DroneLegion Drone
    71. Tidal ×2
    72. Wind
    73. Tidal
    74. Legion DroneLegion Drone
    75. Tidal ×2
    76. Naval Construction Turret
    77. OcteresOcteresfor Suicide front
    78. Advanced Metal ExtractorT2 mex
    79. Naval Construction Turret
    80. Wind
    81. Tidal
    82. Legion DroneLegion Drone
    83. Tidal
    84. Naval Construction Turret
    85. Legion DroneLegion Drone ×2
    86. Wind
    87. Tidal
    88. Naval Radar / Sonar TowerNaval Radar / Sonar Tower
    89. Construction ShipCon ship
    90. Tidal
    91. Naval Construction Turret
    92. Tidal
    93. Legion DroneLegion Drone
    94. Wind
    95. Tidal
    96. Mex
    97. Advanced Metal ExtractorT2 mex
    98. Advanced ShipyardAdvanced Shipyarddone 13:20
    99. SthenoStheno
    100. Wind
    101. Con turret
    102. Legion DroneLegion Drone
    103. Mex
    104. Legion DroneLegion Drone
    105. Advanced Construction SubmarineAdvanced Construction Submarine
    106. Legion DroneLegion Drone
    107. Wind
    108. ArtifexArtifex
    109. Legion DroneLegion Drone ×3
    110. ArtifexArtifex ×2
    111. Advanced Geothermal PowerplantAdvanced Geothermal Powerplantnot finished by 15:00
    112. DolusDolusdone 14:07
    113. Mex
    114. ScyllaScyllanot finished by 15:00
    115. Naval Metal Storage
    116. Con turret
    117. Naval Radar / Sonar TowerNaval Radar / Sonar Tower
    118. Advanced Underwater Metal ExtractorAdvanced Underwater Metal Extractordone 14:58
    119. Tidal ×2

Counts are medians over the build's games: half of them build more, half fewer. The example game is EpicTyrannus's (40 OS, 18/09/2026); pick another.

Team trades

IN AT LEAST 30% OF ITS GAMES

You hand over

  • Wind Turbine2 Wind to Airfirst at 1:41 · in 58% of games

You get

  • Finch1 Finch from Airfirst at 1:47 · in 47% of games
  • Hercules1 Light transport from Airfirst at 2:10 · in 32% of games
  • Advanced Construction Bot1 T2 con bot from Techfirst at 7:32 · in 74% of games

How it plays out

Typical game of this build, running totals by minute

Metal produced

010k20k30k
0:005:0010:0015:00

metal

Enemy metal destroyed

05k10k
0:005:0010:0015:00

metal

Own metal lost

02k4k
0:005:0010:0015:00

metal

19 games.

Show as table
ByMetal produced: This buildEnemy metal destroyed: This buildOwn metal lost: This build
1:0039600
2:0092900
3:00162700
4:0028655251
5:00401419052
6:005343590118
7:006793615170
8:0082631382320
9:00102921700417
10:00122392261780
11:001491332351531
12:001794336352165
13:002024852952311
14:002356863333554
15:002793789533703
WHAT THE NUMBERS SAY

Standard geo sea sits near an even split on wins while destroying more metal than it loses by 15:00, typical for a contested sea role.

  • + Enemy metal destroyed reaches 7775 by 15:00 against 4863 lost.
  • + Syracusia dominates army composition at 43%, showing a clear naval focus.
  • − Team win rate is only 47%, essentially a coin flip.
  • − T2 factory only completes in 32% of games, so tech transition often stalls.
THE EXAMPLE YOU ARE READING

EpicTyrannus

40.3 OS · 18/09/2026

Open source match ↗

18 received units · includes a constructor
534 metal received · 53356 energy received

Allied construction assistance is unknown. Timings are observations, not a promise of solo reproducibility.

Typical milestones

Legion Bot Lab1:07Middle 50%: 1:01–1:14 · n=19
Shipyard3:06Middle 50%: 2:36–3:41 · n=19
Syracusia5:04Middle 50%: 4:33–5:48 · n=19
Geothermal Powerplant7:42Middle 50%: 6:57–9:56 · n=19
Advanced Metal Extractor9:11Middle 50%: 8:42–9:28 · n=13

Played most by

KingBenjai8games of this buildHighlyRegarded2games of this buildPRO_Rerory2games of this buildRysica2games of this buildarmjanus1game of this build